 Dungeon Crawl Stone Soup version 0.30-a0-279-g4b46babb21 (webtiles) character file.

Game seed: 3110010447833483407

40 slphil the Shooter (level 3, -1/20 HPs)
             Began as a Kobold Hexslinger on Oct 16, 2022.
             Slain by an ufetubus (2 damage)
             ... on level 3 of the Dungeon.
             The game lasted 00:02:02 (1075 turns).

slphil the Shooter (Kobold Hexslinger)              Turns: 1075, Time: 00:02:03

Health: -1/20      AC:  2    Str:  7    XL:     3   Next: 72%
Magic:  4/4        EV: 15    Int: 14    God:
Gold:   72         SH:  0    Dex: 17    Spells: 0/4 levels left

rFire   . . .      SeeInvis .    a - +1 sling
rCold   . . .      Faith    .    (no shield)
rNeg    . . .      Spirit   .    c - +0 robe
rPois   .          Reflect  .    (no helmet)
rElec   .          Harm     .    (no cloak)
rCorr   .          Rampage  .    (no gloves)
Will    .....                    (no boots)
Stlth   +++.......               (no amulet)
HPRegen 0.23/turn                (no ring)
MPRegen 0.09/turn                (no ring)

@: no status effects
A: small, no large weapons, nightstalker 3
a: no special abilities


You were on level 3 of the Dungeon.
You visited 1 branch of the dungeon, and saw 3 of its levels.

You collected 72 gold pieces.

Inventory:

Hand Weapons
 a - a +1 sling (weapon)
Armour
 c - a +0 robe (worn)
Scrolls
 b - 2 scrolls of poison
 d - a scroll of silence {unknown}
 e - 2 scrolls of identify {unknown}
 f - a scroll of butterflies {unknown}
 g - 5 scrolls of teleportation {unknown}
Potions
 h - a potion of invisibility {unknown}
 i - a potion of resistance {unknown}


   Skills:
 - Level 1.1 Fighting
 + Level 5.1 Ranged Weapons
 - Level 2.4 Dodging
 - Level 1.1 Spellcasting
 - Level 3.0 Hexes


You couldn't memorise any spells.
You knew the following spells:

 Your Spells              Type           Power      Damage    Failure   Level
a - Slow                  Hex            36%        N/A       8%          1
b - Portal Projectile     Hex/Tloc       8%         N/A       38%         3

Your spell library contained the following spells:

 Spells                   Type           Power      Damage    Failure   Level
 Magic Dart               Conj           0%         1d3       26%         1
 Shock                    Conj/Air       0%         1d3       26%         1
 Call Imp                 Summ           0%         N/A       36%         2
 Inner Flame              Hex/Fire       4%         N/A       38%         3
 Cause Fear               Hex            4%         N/A       58%         4
 Mephitic Cloud           Conj/Pois/Air  0%         N/A       61%         3
 Olgreb's Toxic Radiance  Pois           0%         N/A       95%         4
 Ozocubu's Refrigeration  Ice            0%         4d7       100%        7
 Ignition                 Fire           0%         3d3       100%        8


Dungeon Overview and Level Annotations

Branches:
Dungeon (3/15)

Altars:


Innate Abilities, Weirdness & Mutations

You are small and have problems with some larger weapons.
You are completely attuned to the shadows.


Message History

You kill the orc!
Unknown command.
You shoot a sling bullet. The sling bullet hits the orc.
The orc is almost dead.
The ufetubus hits you but does no damage. x2
The ufetubus hits you. The ufetubus closely misses you.
The orc completely misses you.
The orc priest miscasts a cantrip.
You shoot a sling bullet. The sling bullet hits the orc.
You kill the orc!
The ufetubus closely misses you. The ufetubus hits you.
The orc priest hits you with a +0 dagger.
The ufetubus barely misses you. The ufetubus closely misses you.
You shoot a sling bullet. The sling bullet hits the orc priest!
The orc priest is heavily wounded.
The ufetubus hits you but does no damage.
The ufetubus closely misses you.
The orc priest hits you with a +0 dagger.
The ufetubus hits you. The ufetubus barely misses you.
Unknown command.
You shoot a sling bullet. The sling bullet hits the orc priest.
The orc priest is severely wounded.
The orc priest hits you with a +0 dagger.
The ufetubus completely misses you. The ufetubus hits you.
You are too injured to fight recklessly!
You are too injured to fight recklessly!
Unknown command.
Fire: a) +1 sling
Press: ? - help, Shift-Dir - straight line, f/p - orc priest
Aim: an orc priest, wielding a +0 dagger (severely wounded, 60% to hit)
You shoot a sling bullet. The sling bullet hits the orc priest.
The orc priest is severely wounded.
The ufetubus hits you but does no damage.
The ufetubus hits you.
* * * LOW HITPOINT WARNING * * *
The orc priest calls down the wrath of Beogh upon you.
Pain shoots through your body!
* * * LOW HITPOINT WARNING * * *
The ufetubus hits you.
You die...

####...#
.....<.#
.####...#
........#
........#
........#
..†.....#
........#
...)@####
...o5#
.....#
####.....
#.....
#.....
......


You could see an orc priest and an ufetubus.

Vanquished Creatures
  An adder (D:2)
  A worm (D:2)
  2 orcs (D:3)
  3 endoplasms (D:2)
  A giant cockroach (D:2)
  6 goblins (D:2)
  2 hobgoblins (D:2)
  2 kobolds (D:2)
  2 ball pythons
  A frilled lizard (D:2)
  3 rats (D:2)
24 creatures vanquished.

Notes
Turn   | Place    | Note
-------+----------+-------------------------------------------
     0 | D:1      | slphil the Kobold Hexslinger began the quest for the Orb.
     0 | D:1      | Reached XP level 1. HP: 12/12 MP: 2/2
    22 | D:1      | You fall into a shaft and drop 1 floor!
    56 | D:2      | Reached skill level 3 in Ranged Weapons
    96 | D:2      | Reached XP level 2. HP: 16/16 MP: 3/3
   299 | D:2      | Reached skill level 4 in Ranged Weapons
   480 | D:2      | Reached XP level 3. HP: 12/20 MP: 4/4
   713 | D:2      | Learned a level 3 spell: Portal Projectile
   836 | D:2      | Found a faded altar of an unknown god.
   841 | D:2      | Got Plato's Grimoire of Blasting
  1048 | D:3      | Reached skill level 5 in Ranged Weapons
  1075 | D:3      | HP: 1/20 [orc priest/nerve-wracking pain (3)]
  1075 | D:3      | Slain by an ufetubus

Illustrated notes

Levels and vault maps discovered:
D:1:      evilmike_arrival_hilbert_curve, layout_basic
D:2:      minmay_chambers_of_ones, layout_basic,
          shapermc_ecumenical_altar_rom_forum,
          amcnicky_mini_rare_corridor_liquid, minmay_misc_feat_chi, st_stairs_11
D:3:      layout_basic, kennysheep_pointless_box

Skill      XL: |  1  2  3 |
---------------+----------+-----
Ranged Weapons | 3 4 5 |  5.1
Fighting       | |  1.1
Dodging        | |  2.4
Spellcasting   | |  1.1
Hexes          | |  3.0

Action                   || total
-------------------------++-------
 Fire: Sling             ||    71
 Cast: Slow              ||     4
Armor: Robe              ||     8
Dodge: Dodged            ||    30

Table legend: (Time is in decaauts)
 A = Elapsed time spent in this place.
 B = Non-inter-level travel time spent in this place.
 C = Inter-level travel time spent in this place.
 D = Time resting spent in this place.
 E = Time spent auto-exploring this place.
 F = Levels seen in this place.
 G = Mean time per level.
                   A        B        C        D        E       F      G
               +--------+--------+--------+--------+--------+-----+--------+
         Total |   1089 |   1016 |     73 |    172 |    702 |   3 |  363.0 |
       Dungeon |   1089 |   1016 |     73 |    172 |    702 |   3 |  363.0 |
               +--------+--------+--------+--------+--------+-----+--------+

Top non-repeatable levels by time:
     D:2: 1032 daAuts
     D:3: 34 daAuts
     D:1: 22 daAuts
